 Dungeon Crawl Stone Soup version 0.16.1-2-g95b8d4c (webtiles) character file.

20125 Chiseanne the Thaumaturge (level 12, -2/91 HPs)
             Began as a Demonspawn Wizard on Mar 22, 2015.
             Was a High Priest of Vehumet.
             Slain by Snorg (22 damage)
             ... on level 2 of the Orcish Mines on Mar 24, 2015.
             The game lasted 01:36:30 (18322 turns).

Chiseanne the Thaumaturge (Demonspawn Wizard)      Turns: 18322, Time: 01:36:31

Health: -2/91      AC: 10    Str:  7    XL:     12   Next: 42%
Magic:  0/40       EV: 13    Int: 24    God:    Vehumet [*****.]
Gold:   940        SH: 12    Dex: 16    Spells: 8 memorised, 11 levels left

rFire  . . .     SeeInvis .     s - +6 trident "Wugat" {pierce, rPois Dex+3}
rCold  . . .     Clarity  .     S - +1 troll leather armour
rNeg   . . .     SustAb   .     g - +2 shield
rPois  +         Gourm    .     b - +1 hat
rElec  .         Spirit   +     t - +0 cloak
rCorr  .         Warding  .     j - +0 pair of gloves
rMut   .         Stasis   .     F - +0 pair of boots
MR     .....                    a - amulet of guardian spirit
Stlth  ++........               I - ring of magical power
                                v - +6 ring of slaying

@: about to teleport, repel missiles, not resistant to hostile enchantments,
unstealthy
A: antennae 1, claws 2, hooves 2, powered by death 2, powered by pain 2
a: Renounce Religion


You were on level 2 of the Orcish Mines.
You worshipped Vehumet.
Vehumet was extremely pleased with you.
You were not hungry.

You visited 4 branches of the dungeon, and saw 17 of its levels.
You also visited: Labyrinth and Volcano.

You collected 1296 gold pieces.
You spent 356 gold pieces at shops.

Inventory:

Hand weapons
 s - the +6 trident "Wugat" (weapon) {pierce, rPois Dex+3}
   (You found it on level 3 of the Lair of Beasts)

   It inflicts extra damage upon your enemies.
   It affects your dexterity (+3).
   It protects you from poison.
 w - a +2 blowgun of evasion
Missiles
 n - 62 poisoned needles
Armour
 b - a +1 hat (worn)
 g - a +2 shield (worn)
 j - a +0 pair of gloves (worn)
 o - the +4 scale mail of the Forsaken Hells {Str+6 Int+8 Dex-3}
   (You found it in a volcano)

   It affects your strength (+6).
   It affects your intelligence (+8).
   It affects your dexterity (-3).
 t - a +0 cloak (worn)
 F - a +0 pair of boots (worn)
 S - a +1 troll leather armour (worn)
Rods
 Y - a +9 lightning rod (0/12)
   (You found it in a labyrinth)
Jewellery
 a - an amulet of guardian spirit (around neck)
 e - an uncursed ring of ice
 v - a +6 ring of slaying (left hand)
 I - a ring of magical power (right hand)
 U - an uncursed ring of fire
Magical devices
 y - a wand of teleportation (2)
 z - a wand of teleportation (1)
 M - a wand of digging (2)
 P - a wand of hasting (3)
Scrolls
 f - 7 scrolls of remove curse
 D - 2 scrolls of recharging
 O - 2 scrolls of magic mapping
 W - a scroll of silence
Potions
 c - a potion of agility
 h - a potion of lignification
 k - 2 potions of resistance {unknown}
 l - 2 potions of berserk rage
 m - 2 potions of flight
 q - 2 potions of degeneration {unknown}
 B - a potion of heal wounds
 C - 2 potions of ambrosia
 G - 4 potions of restore abilities
 J - 3 potions of magic
 K - 7 potions of curing
Comestibles
 d - 11 bread rations
 u - a beef jerky
 A - 5 meat rations


   Skills:
 * Level 7.1 Fighting
 - Level 6.2 Armour
 - Level 5.5 Dodging
 - Level 1.7 Stealth
 * Level 7.1 Shields
 * Level 11.4 Spellcasting
 - Level 9.6 Conjurations
   Level 1.0 Summonings
 * Level 2.4 Translocations


You had 11 spell levels left.
You knew the following spells:

 Your Spells              Type           Power        Failure   Level  Hunger
a - Iskenderun's Mystic   Conj           ######..     1%          4    None
b - Throw Icicle          Conj/Ice       #####...     8%          4    None
c - Conjure Flame         Conj/Fire      #####...     2%          3    None
d - Mephitic Cloud        Conj/Pois/Air  ####....     4%          3    None
e - Blink                 Tloc           N/A          12%         2    None
f - Inner Flame           Hex/Fire       ##......     22%         3    None
g - Repel Missiles        Chrm/Air       ##....       30%         2    None
h - Magic Dart            Conj           ####         1%          1    None


Dungeon Overview and Level Annotations

Branches:
Dungeon (11/15)            Temple (1/1) D:5            Lair (3/8) D:8
  Snake (0/5) Lair:3          Orc (2/4) D:9
  Swamp: Lair:3-6    Shoals: Lair:3-6

Altars:
Ashenzari
Cheibriados
Dithmenos
Elyvilon
Fedhas
Gozag
Kikubaaqudgha
Makhleb
Nemelex Xobeh
Okawaru
Qazlal
Ru
Sif Muna
Trog
Vehumet
Xom
Yredelemnul
Zin
The Shining One
Beogh

Shops:
D:6 :=   D:7 =   D:8 *

Annotations:
D:8 exclusion: door
D:10 exclusion: door
D:11 2 runed doors, SaintRoka's ghost, experienced GrCK
Orc:2 Snorg


Innate Abilities, Weirdness & Mutations

You have a pair of small antennae on your head.
You have very sharp fingernails.
You have hoof-like feet.
You can steal the life force of defeated enemies.
You sometimes gain power by taking damage.


Message History

Casting: Iskenderun's Mystic Blast
Confirm with . or Enter, or press ? or * to list all spells.
Aiming: Iskenderun's Mystic Blast
Press: ? - help, Shift-Dir - straight line, f/p - Snorg
Aim: Snorg (heavily wounded, berserk, fast, unusually strong, poisoned)
The orb of energy hits Snorg.
Snorg is severely wounded.
The orb of energy explodes!
You block Snorg's attack. Snorg claws you!! Snorg misses you.
Casting: Iskenderun's Mystic Blast
Confirm with . or Enter, or press ? or * to list all spells.
Aiming: Iskenderun's Mystic Blast
Press: ? - help, Shift-Dir - straight line, f/p - Snorg
Aim: Snorg (severely wounded, berserk, fast, unusually strong, poisoned)
The orb of energy hits Snorg.
Snorg is almost dead.
The orb of energy explodes!
Snorg barely misses you. Snorg claws you!
* * * LOW HITPOINT WARNING * * *
Snorg claws you but does no damage. Snorg bites you!!
You die...

#. *** **##
*****,**#.#.
**,**,,,#....
**,,,,,,*....)
*,,,,,,,,TZW@.
**,.#*,,**,....
######(.(##*****##..
##..@T.....# *#..
##.########## *...
##.## *,.. ##.##
**,. ##.## **, ##.##
** ##.## * # ##.##
######.##


You could see Snorg (berserk).

Vanquished Creatures
  A minotaur (Lab)
  The ghost of Mandevil the Destroyer, a powerful NaCj of Cheibriados (Lair:3)
  Josephine (Orc:1)
  A skeletal warrior (D:11)
  A hill giant (D:10)
  A cyclops (D:11)
  An orc knight (Orc:1)
  An elephant (Lair:2)
  2 gargoyles
  2 black mambas
  An efreet (Volcano)
  2 spiny frogs (Lair:3)
  6 komodo dragons
  4 trolls
  A fire vortex (Volcano)
  A deep elf mage (D:11)
  2 basilisks
  A wyvern (D:7)
  A spriggan (D:7)
  3 wraiths
  2 hippogriffs (D:8)
  4 hungry ghosts
  A fire elemental (Volcano)
  Grum (Orc:2)
  2 wolves
  7 yaks
  A mottled dragon (D:11)
  A sky beast (D:6)
  A porcupine (Lair:2)
  A naga (Lair:3)
  A wasp (D:10)
  3 phantoms
  2 ice beasts
  2 black bears
  7 water moccasins
  An eye of draining (D:11)
  9 centaurs
  4 orc warriors
  9 ogres
  5 crocodiles
  10 giant frogs
  3 big kobolds
  A wight (D:11)
  3 scorpions
  6 killer bees
  4 goliath beetles
  5 crimson imps
  A wolf skeleton (Orc:1)
  Crazy Yiuf (D:2)
  2 centaur zombies
  2 jellies
  11 orc priests
  A centaur skeleton (D:9)
  3 giant frog skeletons
  7 hounds
  22 orc wizards
  A quasit (D:8)
  5 worker ants
  4 sheep (Lair:1)
  A hound zombie (D:7)
  Terence (D:2)
  2 hound skeletons
  A worker ant zombie (D:5)
  Robin (D:3)
  15 adders
  5 gnolls
  5 river rats
  2 giant mites
  4 worms
  2 orc zombies
  An adder skeleton (D:5)
  7 giant geckos
  74 orcs
  A ball python (D:6)
  25 bats
  A bat skeleton (D:6)
  A bat zombie (D:5)
  6 giant cockroaches
  19 goblins
  19 hobgoblins
  13 jackals
  A giant cockroach zombie (D:6)
  8 giant newts
  A giant spore (D:7)
  21 kobolds
  An orc skeleton (Orc:1)
  9 quokkas
  21 rats
  A ballistomycete (D:7)
  2 fungi (Lair:3)
  A plant (Lair:1)
462 creatures vanquished.

Vanquished Creatures (collateral kills)
  3 killer bees
  A goblin (D:3)
4 creatures vanquished.

Vanquished Creatures (others)
  2 fulminant prisms (Lair:3)
  A water moccasin (D:5)
  A killer bee (D:9)
  5 river rats (Lair:3)
  A worm (D:5)
  A giant newt (D:5)
  A goblin zombie (D:3)
  A rat (D:5)
  A fungus (Lair:1)
14 creatures vanquished.

Grand Total: 480 creatures vanquished

Notes
Turn   | Place    | Note
--------------------------------------------------------------
     0 | D:1      | Chiseanne, the Demonspawn Wizard, began the quest for the Orb.
     0 | D:1      | Reached XP level 1. HP: 13/13 MP: 4/4
    10 | D:1      | Gained mutation: You have a pair of small antennae on your head. [demonic ancestry]
    10 | D:1      | Reached XP level 2. HP: 10/19 MP: 0/6
   609 | D:1      | Gained mutation: You can steal the life force of nearby defeated enemies. [demonic ancestry]
   609 | D:1      | Reached XP level 3. HP: 13/24 MP: 1/8
  1373 | D:1      | Reached skill level 4 in Spellcasting
  1831 | D:2      | Learned a level 2 spell: Repel Missiles
  1835 | D:2      | Learned a level 3 spell: Conjure Flame
  1839 | D:2      | Learned a level 3 spell: Mephitic Cloud
  1846 | D:2      | Noticed Crazy Yiuf
  1859 | D:2      | Killed Crazy Yiuf
  1859 | D:2      | Gained mutation: You have large cloven feet. [demonic ancestry]
  1859 | D:2      | Reached XP level 4. HP: 30/30 MP: 2/11
  1967 | D:2      | Noticed Terence
  1997 | D:2      | Killed Terence
  2598 | D:3      | Gained mutation: You have sharp fingernails. [demonic ancestry]
  2598 | D:3      | Reached XP level 5. HP: 35/35 MP: 2/14
  2729 | D:3      | Reached skill level 5 in Spellcasting
  3018 | D:3      | Noticed Robin
  3037 | D:3      | Killed Robin
  3441 | D:3      | Gained mutation: You have hoof-like feet. [demonic ancestry]
  3441 | D:3      | Reached XP level 6. HP: 39/41 MP: 13/17
  3642 | D:4      | Got a jewelled chain mail
  3688 | D:4      | Found a stormy altar of Qazlal.
  4005 | D:4      | Identified the +8 chain mail of a treasure trove {rCorr Int+3 Stlth-} (You found it on level 4 of the Dungeon)
  4384 | D:4      | Learned a level 2 spell: Blink
  4409 | D:5      | Entered Level 5 of the Dungeon
  4547 | D:5      | Reached skill level 6 in Spellcasting
  4613 | D:5      | Reached XP level 7. HP: 46/46 MP: 13/20
  4803 | D:5      | Reached skill level 5 in Conjurations
  4804 | D:5      | Found a deep blue altar of Sif Muna.
  4804 | D:5      | Found an iron altar of Okawaru.
  5070 | D:5      | Killed a water moccasin
  5299 | D:5      | Found a staircase to the Ecumenical Temple.
  5309 | Temple   | Entered the Ecumenical Temple
  5364 | Temple   | Became a worshipper of Vehumet
  5476 | D:5      | Found a snail-covered altar of Cheibriados.
  5477 | D:5      | Found a shimmering altar of Xom.
  5479 | D:5      | Found a glowing silver altar of Zin.
  5758 | D:6      | Reached skill level 7 in Spellcasting
  5846 | D:6      | Found Custontazig's Jewellery Emporium.
  5847 | D:6      | Gained mutation: You can steal the life force of defeated enemies. [demonic ancestry]
  5847 | D:6      | Reached XP level 8. HP: 52/52 MP: 23/23
  5862 | D:6      | Bought a cursed amulet of inaccuracy for 28 gold pieces
  6126 | D:6      | Found Khuaroim's Book Shop.
  6127 | D:6      | Upgraded the game from 0.16.0-17-g811c1d7 to 0.16.0-18-g484a79e
  6758 | D:6      | Reached skill level 8 in Spellcasting
  7460 | D:7      | Upgraded the game from 0.16.0-18-g484a79e to 0.16.0-19-gb078050
  7608 | D:7      | Acquired Vehumet's first power
  7608 | D:7      | Offered knowledge of Shock by Vehumet.
  7704 | D:7      | Gained mutation: You have very sharp fingernails. [demonic ancestry]
  7704 | D:7      | Reached XP level 9. HP: 40/57 MP: 18/25
  7777 | D:7      | Found a white marble altar of Elyvilon.
  7885 | D:7      | Reached skill level 9 in Spellcasting
  8021 | D:7      | Found Shricer's Jewellery Shop.
  8036 | D:7      | Bought a cursed ring of loudness for 63 gold pieces
  8036 | D:7      | Bought a cursed -6 ring of intelligence for 28 gold pieces
  8894 | D:8      | Offered knowledge of Sting by Vehumet.
  9132 | D:8      | Found Hiat's Assorted Antiques.
  9152 | D:8      | Reached skill level 1 in Armour
  9220 | D:8      | Bought a grey potion for 31 gold pieces
  9220 | D:8      | Bought a black potion for 31 gold pieces
  9220 | D:8      | Bought a scroll of identify for 70 gold pieces
  9220 | D:8      | Bought a scroll of teleportation for 105 gold pieces
  9240 | D:8      | Found a staircase to the Lair.
  9935 | D:8      | Reached skill level 10 in Spellcasting
 10400 | D:8      | Found a radiant altar of Vehumet.
 10557 | Lair:1   | Entered Level 1 of the Lair of Beasts
 10627 | Lair:1   | Noticed a komodo dragon
 10893 | D:9      | Gained mutation: You sometimes gain a little power by taking damage. [demonic ancestry]
 10893 | D:9      | Reached XP level 10. HP: 45/63 MP: 28/28
 11035 | D:9      | Found a staircase to the Orcish Mines.
 11063 | D:9      | Found a roughly hewn altar of Beogh.
 11532 | D:9      | Offered knowledge of Inner Flame by Vehumet.
 11537 | D:9      | Learned a level 3 spell: Inner Flame
 11561 | D:10     | Entered Level 10 of the Dungeon
 11573 | D:10     | Reached skill level 1 in Fighting
 11594 | D:10     | Reached skill level 1 in Shields
 11604 | D:10     | Acquired Vehumet's second power
 11761 | D:10     | Noticed a hill giant
 11778 | D:10     | Killed a hill giant
 12126 | D:10     | Noticed a hill giant
 12210 | D:10     | Reached skill level 5 in Armour
 12214 | D:10     | Offered knowledge of Throw Icicle by Vehumet.
 12220 | D:10     | Learned a level 4 spell: Throw Icicle
 12639 | D:11     | Found a large runed door.
 12639 | D:11     | Found a large runed door.
 12677 | D:11     | Found a labyrinth entrance.
 12691 | Lab      | Entered a labyrinth
 12930 | Lab      | Noticed a minotaur
 12940 | Lab      | Killed a minotaur
 12940 | Lab      | Reached XP level 11. HP: 74/76 MP: 22/29
 13041 | D:11     | Found a large runed door.
 13042 | D:11     | Found a large runed door.
 13054 | D:11     | Noticed SaintRoka's ghost (experienced GrCK)
 13277 | D:11     | Acquired Vehumet's third power
 13576 | D:11     | Offered knowledge of Iskenderun's Mystic Blast by Vehumet.
 13586 | D:11     | Learned a level 4 spell: Iskenderun's Mystic Blast
 13590 | D:11     | Noticed a cyclops
 13603 | D:11     | Killed a cyclops
 13603 | D:11     | Reached skill level 5 in Fighting
 13767 | D:11     | Noticed a skeletal warrior
 13776 | D:11     | Killed a skeletal warrior
 13776 | D:11     | Reached skill level 5 in Shields
 13838 | D:11     | Noticed a seven-headed hydra
 14153 | Lair:1   | Killed a komodo dragon
 14452 | Lair:1   | Noticed a komodo dragon
 14455 | Lair:1   | Killed a komodo dragon
 14721 | Lair:3   | Noticed Mandevil's ghost (powerful NaCj)
 14748 | Lair:3   | Killed Mandevil's ghost
 14793 | Lair:3   | Reached skill level 5 in Dodging
 14821 | Lair:3   | Got a dazzling trident
 14822 | Lair:3   | Identified the +6 trident "Wugat" {pierce, rPois Dex+3} (You found it on level 3 of the Lair of Beasts)
 14957 | Lair:3   | Found a staircase to the Snake Pit.
 15362 | Lair:3   | Gained mutation: You sometimes gain power by taking damage. [demonic ancestry]
 15362 | Lair:3   | Reached XP level 12. HP: 89/89 MP: 17/30
 15466 | Lair:3   | Offered knowledge of Freezing Cloud by Vehumet.
 15466 | Lair:3   | Reached skill level 1 in Translocations
 16025 | Lair:1   | Upgraded the game from 0.16.0-19-gb078050 to 0.16.1-2-g95b8d4c
 16122 | Orc:1    | Entered Level 1 of the Orcish Mines
 16326 | Orc:1    | Found a dark tunnel.
 16348 | Volcano  | Entered a volcano
 16388 | Volcano  | Got a blackened scale mail
 16703 | Volcano  | Identified the +4 scale mail of the Forsaken Hells {Str+6 Int+8 Dex-3} (You found it in a volcano)
 17292 | Orc:2    | Noticed Grum
 17305 | Orc:1    | Reached skill level 11 in Spellcasting
 17414 | Orc:2    | Killed Grum
 17510 | Orc:2    | Noticed Josephine
 17512 | Orc:2    | Noticed Snorg
 17818 | Orc:1    | Killed Josephine
 18322 | Orc:2    | Slain by Snorg

Action                   |  1- 3 |  4- 6 |  7- 9 | 10-12 || total
-------------------------+-------+-------+-------+-------++-------
Melee: Unarmed           |     4 |       |       |       ||     4
       Short sword       |    18 |       |       |   373 ||   391
       Halberd           |     3 |       |       |       ||     3
       Quarterstaff      |       |    92 |   175 |    19 ||   286
       Trident           |       |       |       |    67 ||    67
 Fire: Blowgun           |       |       |       |    10 ||    10
 Cast: Magic Dart        |    96 |   125 |   375 |    57 ||   653
       Mephitic Cloud    |     1 |    12 |    40 |    17 ||    70
       Repel Missiles    |       |       |     2 |     2 ||     4
       Blink             |       |       |     4 |     3 ||     7
       Iskenderun's Myst |       |       |       |   167 ||   167
Evoke: Wand              |       |       |     4 |     7 ||    11
       Rod               |       |       |       |     3 ||     3
  Use: Scroll            |     4 |     3 |     9 |    26 ||    42
       Potion            |       |     1 |     1 |     5 ||     7
 Stab: Sleeping          |     1 |     1 |       |     1 ||     3
       Paralysed         |       |     2 |     3 |       ||     5
       Confused          |       |       |     6 |     2 ||     8
  Eat: Chunk             |     3 |     7 |    10 |    20 ||    40
       Fruit             |       |     2 |     6 |       ||     8
       Pizza             |       |       |     1 |       ||     1
       Royal jelly       |       |       |     1 |     2 ||     3
       Beef jerky        |       |       |     1 |     2 ||     3
       Bread ration      |       |       |     1 |       ||     1
